AoeStats
← [Massa] Edo

Oasis

507193796Analyzed
2v2 RM · 15d ago on Sep 17, 2026· 33m 52s· 4 players
Game mode
Random Map
Map size
Medium (4 player)
Population
200
Speed
Normal
Resources
Standard
Victory
Conquest
Starting age
Dark Age
Ending age
Imperial Age
RankedLock teamsTeams togetherTeam positionsShared explorationLock speedFull tech treeHidden civsTurbo modeCheats
Victory
Defeat
🇧🇷 Chinese · Brazil
1445
+13
🇧🇷 Malay · Brazil
1408
+15
🇵🇪 Persians · Peru
1400
-15
🇵🇪 Ethiopians · Peru
1368
-13
LE | Andreu
4:41 Loom
10:30 Feudal Age
15:57 Castle Age
14:21 Double-Bit Axe
22:06 Horse Collar
23:24 Gold Mining
28:38 Scale Barding Armor
30:42 Bloodlines
30:58 Husbandry
30:31 Light Cavalry
33:20 Forging
33:03 Town Watch
33:53 Wheelbarrow
Chema
10:09 Feudal Age
10:48 Double-Bit Axe
11:10 Loom
13:27 Wheelbarrow
13:23 Fletching
13:33 Padded Archer Armor
23:32 Castle Age
21:52 Gold Mining
24:08 Crossbowman
29:36 Bodkin Arrow
32:27 Thumb Ring
32:40 Leather Archer Armor
[Massa] Edo
0:25 Loom
9:25 Feudal Age
9:55 Double-Bit Axe
13:55 Fletching
14:29 Horse Collar
19:13 Wheelbarrow
22:37 Castle Age
20:42 Padded Archer Armor
21:27 Gold Mining
21:44 Scale Mail Armor
21:55 Forging
22:38 Pikeman
22:42 Crossbowman
23:19 Bodkin Arrow
25:17 Chain Mail Armor
27:38 Iron Casting
28:12 Ballistics
28:01 Squires
31:13 Leather Archer Armor
33:15 Thumb Ring
tg
10:03 Feudal Age
10:07 Double-Bit Axe
11:09 Loom
11:42 Horse Collar
16:10 Forging
17:01 Fletching
19:12 Wheelbarrow
19:33 Padded Archer Armor
23:33 Castle Age
23:12 Bodkin Arrow
22:38 Elite Skirmisher
27:09 Leather Archer Armor
27:05 Bow Saw
27:46 Scale Barding Armor
27:41 Stone Mining
27:41 Gold Mining
28:52 Heavy Plow
31:47 Hand Cart
32:16 Gold Shaft Mining
Connection lost

Rejoining the realm…

Still unreachable

The connection could not be restored.

Session expired

The server has moved on; the page needs a fresh start.